AoeStats
← vindonissa

Black Forest

506907783Analyzed
4v4 RM · 18d ago on Sep 15, 2026· 31m 19s· 8 players
Game mode
Random Map
Map size
Large (8 player)
Population
200
Speed
Normal
Resources
Standard
Victory
Conquest
Starting age
Dark Age
Ending age
Imperial Age
RankedLock teamsTeams togetherTeam positionsShared explorationLock speedFull tech treeHidden civsTurbo modeCheats
Victory
Defeat
🇬🇧 Bulgarians · United Kingdom
1349
+12
🇨🇭 Sicilians · Switzerland
1344
+12
🇩🇪 Khmer · Germany
1341
+12
🇮🇹 Goths · Italy
1228
+16
🇳🇱 Malians · Netherlands
1284
-14
🇬🇷 Dravidians · Greece
1259
-13
🇩🇪 Saracens · Germany
1258
-13
🇬🇷 Britons · Greece
1216
-12
nikias.marquardt
0:39 Loom
13:29 Feudal Age
14:11 Double-Bit Axe
14:08 Horse Collar
18:53 Castle Age
26:39 Scale Barding Armor
kostas_NRX
3:45 Loom
12:01 Feudal Age
15:47 Castle Age
13:48 Double-Bit Axe
13:44 Horse Collar
16:27 Fletching
stelios19857
1:23 Loom
9:54 Feudal Age
14:59 Fletching
Brandon
4:15 Loom
11:10 Feudal Age
15:07 Castle Age
13:44 Stone Mining
13:46 Double-Bit Axe
19:01 Bow Saw
19:10 Gold Mining
20:59 Forging
22:46 Scale Mail Armor
22:38 Arson
22:53 Squires
25:20 Chain Mail Armor
25:46 Iron Casting
27:24 Horse Collar
30:02 Stone Shaft Mining
29:36 Fletching
30:52 Bodkin Arrow
rizz
2:18 Loom
7:38 Loom
9:47 Feudal Age
11:01 Arson
17:21 Scale Mail Armor
21:08 Forging
26:20 Castle Age
25:28 Double-Bit Axe
26:48 Gambesons
27:05 Squires
27:46 Chain Mail Armor
28:26 Iron Casting
Heiner
11:23 Feudal Age
14:52 Castle Age
13:35 Double-Bit Axe
13:33 Horse Collar
15:30 Scale Barding Armor
19:01 Forging
23:54 Iron Casting
23:31 Gold Mining
24:14 Chain Barding Armor
25:30 Iron Casting
25:11 Husbandry
27:01 Bloodlines
MLT | Bombad Gastald
2:39 Loom
12:17 Feudal Age
16:25 Castle Age
15:03 Double-Bit Axe
21:06 Bow Saw
21:23 Horse Collar
22:33 Gold Mining
26:49 Heavy Plow
30:01 Imperial Age
27:39 Scale Mail Armor
27:50 Forging
27:35 Man-at-Arms
28:15 Squires
29:13 Long Swordsman
29:24 Pikeman
30:28 Chain Mail Armor
30:49 Iron Casting
30:03 Two-Handed Swordsman
31:17 Guilds
32:10 Chemistry
31:31 Ballistics
32:52 Two-Man Saw
vindonissa
0:42 Loom
12:40 Feudal Age
16:30 Castle Age
14:12 Horse Collar
14:41 Double-Bit Axe
20:42 Bow Saw
24:18 Stone Mining
25:28 Masonry
28:10 Fletching
Connection lost

Rejoining the realm…

Still unreachable

The connection could not be restored.

Session expired

The server has moved on; the page needs a fresh start.